 Dungeon Crawl Stone Soup version 0.27-a0-1308-gc08437e49b (webtiles) character file.

Game seed: 5463435735229776601

751 mordus the Cleaver (level 7, -4/56 HPs)
             Began as a Minotaur Gladiator on June 18, 2021.
             Slain by a lemure (8 damage)
             ... led by Pikel
             ... on level 4 of the Dungeon.
             The game lasted 00:08:03 (3865 turns).

mordus the Cleaver (Minotaur Gladiator)             Turns: 3865, Time: 00:08:03

Health: -4/56      AC:  8    Str: 21    XL:     7   Next: 49%
Magic:  6/6        EV: 11    Int:  5    God:
Gold:   200        SH:  0    Dex: 11    Spells: 6/6 levels left

rFire    . . .     SeeInvis .   a - +0 war axe
rCold    . . .     Faith    .   (no shield)
rNeg     . . .     Spirit   .   p - +0 ring mail
rPois    .         Reflect  .   c - +0 hat
rElec    .         Harm     .   (no cloak)
rCorr    .         Rampage  .   e - +1 pair of gloves
Will     .....                  (no boots)
Stlth    +.........             m - amulet of regeneration
HPRegen  1.18/turn              t - ring of flight
MPRegen  0.10/turn              (no ring)

@: lethally poisoned (-4 -> -5), flying, studying Throwing
A: horns 2, retaliatory headbutt
a: no special abilities


You were on level 4 of the Dungeon.
You visited 1 branch of the dungeon, and saw 4 of its levels.

You collected 200 gold pieces.

Inventory:

Hand Weapons
 a - a +0 war axe (weapon)
Missiles
 d - 3 throwing nets (quivered)
Armour
 b - a +0 leather armour
 c - a +0 hat (worn)
 e - a +1 pair of gloves (worn)
 p - a +0 ring mail (worn)
Jewellery
 m - an amulet of regeneration (around neck)
 t - a ring of flight (left hand)
Wands
 q - a wand of iceblast (9)
Scrolls
 j - 2 scrolls of fear {unknown}
 k - a scroll of noise {unknown}
 l - a scroll of identify {unknown}
 o - 2 scrolls of blinking {unknown}
 r - a scroll of immolation {unknown}
 s - a scroll of enchant weapon {unknown}
Potions
 f - 2 potions of curing {unknown}
 g - 2 potions of cancellation {unknown}
 h - a potion of lignification {unknown}
 i - a potion of invisibility {unknown}
 n - a potion of haste {unknown}


   Skills:
 - Level 2.4 Fighting
 * Level 8.9 Axes
 + Level 2.7 Throwing
 + Level 5.4 Armour
 - Level 3.2 Dodging


You had 6 spell levels left.
You didn't know any spells.
Your spell library contained the following spells:

 Spells                   Type           Power      Damage    Failure   Level
 Freeze                   Ice            0%         1d3       63%         1
 Frozen Ramparts          Ice            0%         1d2       94%         3
 Ozocubu's Armour         Ice            0%         N/A       94%         3
 Hailstorm                Conj/Ice       0%         3d3       100%        4
 Metabolic Englaciation   Hex/Ice        0%         N/A       100%        5


Dungeon Overview and Level Annotations

Branches:
Dungeon (4/15)
 Temple: D:4-7

Altars:
Cheibriados
Dithmenos
Elyvilon
Gozag
Kikubaaqudgha
Vehumet
Wu Jian
Xom
Yredelemnul

Shops:
D:1 (([:*

Annotations:
D:4 Dowan, Duvessa, Pikel


Innate Abilities, Weirdness & Mutations

You have a pair of horns on your head.
You reflexively headbutt those who attack you in melee.


Message History

Pikel hits you but does no damage.
You hit Pikel.
Pikel is heavily wounded.
You hit the lemure. x3; You closely miss the scorpion.
You hit the lemure but do no damage. The lemure hits you.
The lemure closely misses you. You furiously retaliate!
You headbutt the lemure. The scorpion stings you.
You are poisoned.
The scorpion poisons you! The lemure hits you but does no damage.
The lemure closely misses you. You furiously retaliate!
You headbutt the lemure! Pikel hits you but does no damage.
You closely miss Pikel.
Pikel is heavily wounded.
You closely miss the lemure. You slash the scorpion!
You kill the scorpion!
You hit the lemure. You completely miss the lemure. You hit the lemure.
You feel very sick.
The lemure hits you. x2; The lemure misses you.
The lemure hits you but does no damage.
Pikel hits you with a +0 whip of freezing!
* * * LOW HITPOINT WARNING * * *
Pikel freezes you.
* * * LOW HITPOINT WARNING * * *
You slash Pikel!
Pikel is severely wounded.
You barely miss the lemure. You hit the lemure.
You kill the lemure!
That felt strangely unrewarding.
You closely miss the lemure. You hit the dart slug. You barely miss the lemure.
You feel sick. The lemure hits you.
* * * LOW HITPOINT WARNING * * *
The lemure closely misses you. You furiously retaliate!
You headbutt the lemure! The lemure hits you.
* * * LOW HITPOINT WARNING * * *
Pikel hits you with a +0 whip of freezing.
* * * LOW HITPOINT WARNING * * *
Pikel freezes you.
* * * LOW HITPOINT WARNING * * *
You feel sick. The lemure hits you!
You die...

.##................#
.##...#####........#
###...# #......>##
......# #......>#
......# #.......#
...#..# ###.......#
#.....###[.......##
#.#...##.......#.###
...#..#........5@..#...
..............5.........
.#............w5K.......
#....#..................
..##....................
###.....................
..#..............>......
..##.....e.......##.##..
._#.............## ).


You could see Pikel, 3 lemures, Dowan and a dart slug.

Vanquished Creatures
  Menkaure (D:4)
  An ogre (D:4)
  A lemure (D:4)
  3 scorpions
  3 hounds (D:4)
  An orc priest (D:3)
  3 orc wizards (D:3)
  3 gnolls (D:2)
  6 adders
  2 worms
  2 dart slugs
  11 orcs
  5 bats
  5 endoplasms
  5 giant cockroaches
  7 hobgoblins
  3 quokkas
  9 ball pythons
  4 frilled lizards (D:3)
  5 goblins
  3 kobolds (D:1)
  2 rats (D:1)
85 creatures vanquished.

Vanquished Creatures (others)
  A human (D:3)
1 creature vanquished.

Grand Total: 86 creatures vanquished

Notes
Turn   | Place    | Note
-------+----------+-------------------------------------------
     0 | D:1      | mordus the Minotaur Gladiator began the quest for the Orb.
     0 | D:1      | Reached XP level 1. HP: 18/18 MP: 0/0
   250 | D:1      | Reached skill level 4 in Axes
   384 | D:1      | Found Fiwkocis's Antique Weapon Boutique.
   418 | D:1      | Reached skill level 1 in Armour
   418 | D:1      | Reached XP level 2. HP: 25/25 MP: 1/1
   472 | D:1      | Found Loenir's Book Shoppe.
   547 | D:1      | Found Atohylaff's Assorted Antiques.
   679 | D:1      | Found Tomet's Antique Armour Shoppe.
   943 | D:1      | Found Oryifu's Weapon Boutique.
  1078 | D:2      | Reached XP level 3. HP: 30/30 MP: 2/2
  1082 | D:2      | Reached skill level 5 in Axes
  1420 | D:2      | Reached XP level 4. HP: 10/37 MP: 3/3
  1926 | D:2      | Found a faded altar of an unknown god.
  2644 | D:3      | Reached skill level 6 in Axes
  2767 | D:3      | Reached XP level 5. HP: 40/42 MP: 4/4
  3216 | D:3      | Found an ancient bone altar of Kikubaaqudgha.
  3219 | D:3      | Noticed a human
  3221 | D:3      | Killed a human
  3304 | D:4      | Noticed Duvessa
  3308 | D:4      | Reached skill level 7 in Axes
  3308 | D:4      | Reached XP level 6. HP: 50/50 MP: 5/5
  3311 | D:4      | Noticed Dowan
  3492 | D:4      | Noticed Menkaure
  3505 | D:4      | Killed Menkaure
  3506 | D:4      | Reached skill level 8 in Axes
  3506 | D:4      | Reached XP level 7. HP: 52/56 MP: 6/6
  3659 | D:4      | Found a snail-covered altar of Cheibriados.
  3731 | D:4      | Reached skill level 5 in Armour
  3751 | D:4      | Found a shimmering altar of Xom.
  3762 | D:4      | Found a radiant altar of Vehumet.
  3763 | D:4      | Found a white marble altar of Elyvilon.
  3763 | D:4      | Found a shadowy altar of Dithmenos.
  3764 | D:4      | Found a basalt altar of Yredelemnul.
  3765 | D:4      | Found an opulent altar of Gozag.
  3770 | D:4      | Found an ornate altar of the Wu Jian Council.
  3852 | D:4      | Noticed Pikel
  3865 | D:4      | Slain by a lemure

Illustrated notes

Levels and vault maps discovered:
D:1:      dpeg_arrival_castle, layout_basic, serial_shops,
          nicolae_shop_temple_entry_statues_fountains, shop_fountains, shop,
          nicolae_shop_crystal, nicolae_shop_temple_entry_statues_fountains
D:2:      layout_loops_corners, shapermc_ecumenical_altar_flowoftime
D:3:      layout_loops_corners, tgw_kikubaaqudgha
D:4:      layout_rooms, lemuel_round_altar, slow_altar_2, minitemple,
          uniq_menkaure, uniq_duvessa, uniq_pikel

Skill      XL: |  1  2  3  4  5  6  7 |
---------------+----------------------+-----
Axes           | 4 5 6 7 8 |  8.9
Armour         | 1 2 3 4 5 |  5.4
Fighting       | |  2.4
Throwing       | |  2.7
Dodging        | |  3.2

Action                   |  1- 3 |  4- 6 |  7- 9 || total
-------------------------+-------+-------+-------++-------
Melee: War axe           |    42 |   103 |    34 ||   179
       Headbutt          |     2 |    18 |     5 ||    25
Armor: Leather armour    |    18 |    20 |       ||    38
       Ring mail         |       |    23 |    25 ||    48
Dodge: Dodged            |    33 |    74 |    35 ||   142

Table legend: (Time is in decaauts)
 A = Elapsed time spent in this place.
 B = Non-inter-level travel time spent in this place.
 C = Inter-level travel time spent in this place.
 D = Time resting spent in this place.
 E = Time spent auto-exploring this place.
 F = Levels seen in this place.
 G = Mean time per level.
                   A        B        C        D        E       F      G
               +--------+--------+--------+--------+--------+-----+--------+
         Total |   3901 |   3809 |     92 |    306 |   2765 |   4 |  975.2 |
       Dungeon |   3901 |   3809 |     92 |    306 |   2765 |   4 |  975.2 |
               +--------+--------+--------+--------+--------+-----+--------+

Top non-repeatable levels by time:
     D:2: 1371 daAuts
     D:3: 1098 daAuts
     D:1: 1083 daAuts
     D:4: 349 daAuts
